 Dungeon Crawl Stone Soup version 0.31-a0-940-gdaa99269f9 (webtiles) character file.

Game seed: 4850079719453848251

4674 D12ThenQuit the Nimble (level 10, -2/73 HPs)
             Began as an Octopode Fighter on Oct 20, 2023.
             Was an Initiate of Vehumet.
             Slain by a centaur warrior
             ... wielding a staff of cold
              (5 damage)
             ... on level 9 of the Dungeon.
             The game lasted 00:22:22 (10854 turns).

D12ThenQuit the Nimble (Octopode Fighter)          Turns: 10854, Time: 00:22:23

Health: -2/73      AC:  1    Str: 15    XL:     10   Next: 44%
Magic:  7/14       EV: 16    Int: 15    God:    Vehumet [......]
Gold:   391        SH:  0    Dex: 12    Spells: 12/15 levels left

rFire   + . .        c - +4 dire flail (freeze)
rCold   . . .        (shield currently unavailable)
rNeg    . . .        (helmet restricted)
rPois   .            (no amulet)
rElec   .            g - ring of willpower
rCorr   .            p - ring of protection from fire
SInv    .            (no ring)
Will    +....        (no ring)
Stlth   ++           (no ring)
HPRegen 0.32/turn    (no ring)
MPRegen 0.14/turn    (no ring)
                     (no ring)

%: no passive effects
@: very slightly contaminated
A: almost no armour, amphibious, 8 rings, camouflage 1, gelatinous body 1,
(nimble swimmer 1), tentacles
a: Renounce Religion


You were on level 9 of the Dungeon.
You worshipped Vehumet.
Vehumet was noncommittal.
You visited 2 branches of the dungeon, and saw 10 of its levels.

You collected 435 gold pieces.
You spent 44 gold pieces at shops.

Inventory:

Hand Weapons
 a - a +0 rapier
 c - a +4 dire flail of freezing (weapon)
 o - a +4 halberd
Missiles
 e - 23 poisoned darts (quivered)
Armour
 b - a +0 buckler
Jewellery
 g - a ring of willpower (left tentacle)
 p - a ring of protection from fire (right tentacle)
Wands
 j - a wand of quicksilver (6)
 y - a wand of iceblast (7)
 z - a wand of flame (17)
Scrolls
 f - 3 scrolls of teleportation
 h - a scroll of poison
 k - 2 scrolls of immolation {unknown}
 m - 2 scrolls of fear
 q - a scroll of revelation {unknown}
 r - 2 scrolls of summoning {unknown}
 t - 2 scrolls of noise {unknown}
 w - a scroll of identify
Potions
 d - 4 potions of curing
 i - a potion of brilliance {unknown}
 l - a potion of mutation {unknown}
 s - 4 potions of invisibility {unknown}
 u - a potion of berserk rage {unknown}
 v - a potion of ambrosia {unknown}
 x - a potion of heal wounds {unknown}


   Skills:
 - Level 8.7 Fighting
 - Level 2.0 Short Blades
 + Level 3.5 Maces & Flails
 - Level 8.7 Dodging
 - Level 3.0 Shields
 - Level 3.0 Spellcasting
 + Level 5.6 Conjurations
 + Level 5.5 Earth Magic


You had 12 spell levels left.
You knew the following spells:

 Your Spells              Type           Power      Damage    Failure   Level
a - Stone Arrow           Conj/Erth      38%        3d9       6%          3

Your spell library contained the following spells:

 Spells                   Type           Power      Damage    Failure   Level
 Static Discharge         Conj/Air       20%        3-4/arc   10%         2
 Cigotuvi's Dreadful Rot  Necr/Pois/Air  4%         N/A       30%         2
 Sublimation of Blood     Necr           2%         N/A       30%         2
 Wereblood                Tmut           2%         N/A       30%         2
 Ozocubu's Armour         Ice            2%         N/A       52%         3
 Airstrike                Air            1%         2d(1-17)  89%         4
 Metabolic Englaciation   Hex/Ice        1%         N/A       99%         5
 Simulacrum               Ice/Necr       1%         N/A       100%        6
 Summon Hydra             Summ           1%         N/A       100%        7
 Lehudib's Crystal Spear  Conj/Erth      9%         10d4      100%        8
 Animate Armour           Summ/Erth      Unusable   N/A       N/A         4

Dungeon Overview and Level Annotations

Branches:
Dungeon (9/15)             Temple (1/1) D:7            Lair (0/5) D:9
    Orc: D:9-12

Altars:
Ashenzari
Cheibriados
Dithmenos
Elyvilon
Fedhas
Gozag
Hepliaklqana
Kikubaaqudgha
Makhleb
Nemelex Xobeh
Okawaru
Qazlal
Ru
Sif Muna
Trog
Uskayaw
Vehumet
Wu Jian
Xom
Yredelemnul
Zin
The Shining One

Shops:
D:1 ?   D:8 *

Annotations:
D:2 1 runed translucent door, Crazy Yiuf
D:3 Natasha
D:8 Maggie
D:9 exclusion: shadow


Innate Abilities, Weirdness & Mutations

You cannot wear most types of armour.
You are amphibious.
You can wear up to eight rings at the same time.
Your skin changes colour to match your surroundings (Stealth+).
Your rubbery body absorbs attacks. (AC +1, EV +1)
((You are camouflaged when in or above water. (Stealth+)))
You have tentacles for arms and can constrict up to eight enemies at once.


Message History

The centaur warrior hits you with a staff of cold!
The centaur warrior freezes you. The centaur warrior kicks you.
Unknown command.
Press: ? - help, v - describe, . - travel
Here: a centaur warrior, wielding a staff of cold The floor.
Unknown command.
Casting: Stone Arrow (dangerous; 6% risk of failure)
Confirm with . or Enter, or press ? or * to list all spells.
Aiming: Stone Arrow (dangerous; 6% risk of failure)
Press: ? - help, Shift-Dir - straight line, f - centaur warrior
Aim: a centaur warrior, wielding a staff of cold (77% to hit)
The stone arrow hits the centaur warrior!!
The centaur warrior is heavily wounded.
The centaur warrior hits you with a staff of cold.
The centaur warrior freezes you. The centaur warrior kicks you.
Casting: Stone Arrow (dangerous; 6% risk of failure)
Confirm with . or Enter, or press ? or * to list all spells.
Aiming: Stone Arrow (dangerous; 6% risk of failure)
Press: ? - help, Shift-Dir - straight line, f/p - centaur warrior
Aim: a centaur warrior, wielding a staff of cold (heavily wounded, 77% to hit)
You miscast Stone Arrow.
You are very lightly contaminated with residual magic.
Nothing appears to happen.
The centaur warrior hits you with a staff of cold.
The centaur warrior freezes you!
* * * LOW HITPOINT WARNING * * *
The centaur warrior barely misses you.
You feel better.
The centaur warrior hits you with a staff of cold!
* * * LOW HITPOINT WARNING * * *
The centaur warrior freezes you.
* * * LOW HITPOINT WARNING * * *
The centaur warrior kicks you but does no damage.
The centaur warrior hits you with a staff of cold.
* * * LOW HITPOINT WARNING * * *
The centaur warrior freezes you!
* * * LOW HITPOINT WARNING * * *
The centaur warrior kicks you.
You die...

#.#.#.##.#
#.###..#.## ##
##....# ##...#
# #########..#
## .......##.##
##.
##########.#.#
#..
#†........#c.#
#..
#.###########@#
#.. # #.# ##..
##.# #... ##).#
#..# ##..##
#..# #..###
#... #....#
#... #.##†#
###... #.##.#
#.....


You could see a centaur warrior.

Vanquished Creatures
  Pikel (D:5)
  Psyche (D:8)
  A hornet (D:9)
  Prince Ribbit (D:8)
  2 wraiths (D:9)
  2 wyverns (D:9)
  A steam dragon (D:7)
  Menkaure (D:4)
  An orc warrior (D:9)
  A water moccasin (D:7)
  A sky beast (D:7)
  An ice beast (D:7)
  2 centaurs
  2 lemures (D:4)
  A phantom (D:5)
  A kobold brigand (D:7)
  4 bullfrogs
  3 scorpions
  10 wights
  A killer bee (D:9)
  2 howler monkeys (D:7)
  A lava snake (D:7)
  3 gnoll boudas
  3 orc priests
  6 hounds
  2 jellies
  Terence (D:3)
  3 iguanas
  An orc wizard (D:7)
  Natasha (twice) (D:3)
  4 adders
  16 gnolls
  A shadow imp (D:7)
  2 white imps
  2 ufetubi (D:7)
  2 worms
  4 dart slugs
  19 orcs
  2 bats (D:2)
  8 endoplasms
  6 giant cockroaches
  6 goblins
  7 hobgoblins
  7 jackals
  12 kobolds
  5 quokkas
  4 ball pythons
  2 frilled lizards
  3 rats (D:3)
174 creatures vanquished.

Notes
Turn   | Place    | Note
-------+----------+-------------------------------------------
     0 | D:1      | D12ThenQuit the Octopode Fighter began the quest for the
                  | Orb.
     0 | D:1      | Reached XP level 1. HP: 16/16 MP: 1/1
   161 | D:1      | Reached XP level 2. HP: 19/21 MP: 2/2
   390 | D:1      | You fall into a shaft and drop 1 floor!
   540 | D:1      | Found The Oracle's Delphic Readings.
   550 | D:1      | Bought a scroll of identify for 22 gold pieces
   550 | D:1      | Bought a scroll of identify for 22 gold pieces
   874 | D:2      | Reached XP level 3. HP: 23/27 MP: 3/3
  1193 | D:2      | Found a runed translucent door.
  1194 | D:2      | Noticed Crazy Yiuf
  1233 | D:2      | Reached XP level 4. HP: 33/33 MP: 4/4
  1765 | D:3      | Identified the "Kotucu Soda"
  1901 | D:3      | Noticed Natasha
  1907 | D:3      | Killed Natasha
  2091 | D:3      | Reached XP level 5. HP: 24/38 MP: 5/5
  2316 | D:3      | Noticed Terence
  2326 | D:3      | Killed Terence
  2600 | D:3      | Noticed Natasha
  2612 | D:3      | Killed Natasha
  2813 | D:3      | Reached skill level 5 in Dodging
  2894 | D:3      | Noticed Natasha
  2905 | D:4      | Noticed Menkaure
  2921 | D:4      | Reached skill level 5 in Fighting
  2959 | D:4      | Reached XP level 6. HP: 45/45 MP: 6/6
  2975 | D:4      | Killed Menkaure
  3268 | D:4      | Reached XP level 7. HP: 32/51 MP: 7/7
  3841 | D:5      | Entered Level 5 of the Dungeon
  3989 | D:5      | Noticed Pikel
  4907 | D:5      | Killed Pikel
  4908 | D:5      | Reached XP level 8. HP: 45/60 MP: 8/8
  6932 | D:6      | Reached XP level 9. HP: 49/67 MP: 9/9
  7367 | D:6      | Learned a level 3 spell: Stone Arrow
  7422 | D:7      | Reached skill level 1 in Conjurations
  7422 | D:7      | Reached skill level 1 in Earth Magic
  7515 | D:7      | Found a staircase to the Ecumenical Temple.
  7527 | Temple   | Entered the Ecumenical Temple
  7571 | Temple   | Became a worshipper of Vehumet
  8979 | D:7      | Reached skill level 1 in Maces & Flails
  8979 | D:7      | Reached skill level 1 in Spellcasting
  9292 | D:8      | Identified the "Tioce"
  9292 | D:8      | Noticed Psyche
  9295 | D:8      | Killed Psyche
  9296 | D:8      | Reached XP level 10. HP: 73/73 MP: 10/12
  9300 | D:8      | Noticed Prince Ribbit
  9302 | D:8      | Noticed a two-headed ogre
  9361 | D:8      | Found Daheo's General Store.
  9554 | D:8      | Noticed Maggie
  9556 | D:8      | Killed Prince Ribbit
  9557 | D:8      | Reached skill level 5 in Conjurations
  9814 | D:5      | Reached skill level 5 in Earth Magic
 10023 | D:9      | Identified the "Meoddog"
 10641 | D:9      | Found a glowing golden altar of the Shining One.
 10657 | D:9      | Found a staircase to the Lair.
 10849 | D:9      | Noticed a centaur warrior
 10854 | D:9      | HP: 3/73 [centaur warrior/staff of cold (9)]
 10854 | D:9      | Slain by a centaur warrior

Illustrated notes

Levels and vault maps discovered:
D:1:      moated_graveyard_arrival, layout_loops_ring, serial_forest,
          infiniplex_forest_join, infiniplex_forest_lined_4_way,
          infiniplex_forest_straight_2, infiniplex_forest_lined_ring,
          infiniplex_forest_lined_3, infiniplex_forest_clump_curved,
          nicolae_nh_oracle_at_delphi
D:2:      layout_basic, uniq_crazy_yiuf_cottage
D:3:      kb_forest_paths, layout_basic, uniq_natasha, uniq_terence
D:4:      layout_rooms, feat_on_display, uniq_menkaure
D:5:      layout_cave_pools, uniq_pikel
D:6:      layout_basic, chequers_arboretum, st_stairs_4
D:7:      layout_basic, minmay_temple_entry_statues_pillars, kennysheep_donut,
          serial_park_tiny_2, minmay_misc_feat_tower
D:8:      layout_rooms, serial_shops, kennysheep_little_box,
          nicolae_hexahallways, uniq_psyche, uniq_maggie, uniq_prince_ribbit1
D:9:      minmay_the_grid_octo_tiled_squarecenter
          [minmay_the_grid_octo_concentric, minmay_the_grid_octo_odd_swirl,
          minmay_the_grid_octo_toaster, minmay_the_grid_octo_chip,
          minmay_the_grid_square_5x5_megaprize_diamond,
          minmay_the_grid_square_5x5_inset, minmay_the_grid_square_5x5_bite,
          minmay_the_grid_square_5x5_sharp_hourglass,
          minmay_the_grid_square_5x5_three_small], layout_basic,
          nicolae_tso_carved_into_rock
Temple:   minmay_crystal_snake_temple

Skill      XL: |  1  2  3  4  5  6  7  8  9 10 |
---------------+-------------------------------+-----
Fighting       | 4 5 7 8 |  8.7
Dodging        | 4 5 7 8 |  8.7
Conjurations   | 4 5 |  5.6
Earth Magic    | 4 5 |  5.5
Maces & Flails | 2 3 |  3.5
Spellcasting   | 1 3 |  3.0
Short Blades   | |  2.0
Shields        | |  3.0

Action                     |  1- 3 |  4- 6 |  7- 9 | 10-12 || total
---------------------------+-------+-------+-------+-------++-------
  Melee: Rapier            |    58 |    92 |   279 |       ||   429
         Constrict         |    17 |    29 |    60 |     7 ||   113
         Tentacles         |     8 |    29 |    81 |     6 ||   124
         Punch             |     1 |     2 |     6 |       ||     9
         Dire flail        |       |       |    15 |    25 ||    40
  Throw: Dart              |       |    12 |    14 |     4 ||    30
   Cast: Stone Arrow       |       |       |    15 |    24 ||    39
  Evoke: Wand              |       |     1 |     6 |     1 ||     8
    Use: Scroll            |     1 |     2 |     3 |     1 ||     7
         Potion            |       |       |     1 |     1 ||     2
   Stab: Sleeping          |     7 |     8 |     3 |       ||    18
 Armour: Skin              |    21 |    41 |   138 |    31 ||   231
  Dodge: Dodged            |    25 |    43 |   196 |    11 ||   275
  Block: Buckler           |     5 |     8 |    65 |       ||    78

Table legend: (Time is in decaauts)
 A = Elapsed time spent in this place.
 B = Non-inter-level travel time spent in this place.
 C = Inter-level travel time spent in this place.
 D = Time resting spent in this place.
 E = Time spent auto-exploring this place.
 F = Levels seen in this place.
 G = Mean time per level.
                   A        B        C        D        E       F      G
               +--------+--------+--------+--------+--------+-----+--------+
         Total |  10958 |  10184 |    774 |   3151 |   4223 |  10 | 1095.8 |
       Dungeon |  10871 |  10181 |    690 |   3151 |   4223 |   9 | 1207.9 |
        Temple |     86 |      2 |     84 |      0 |      0 |   1 |   86.0 |
               +--------+--------+--------+--------+--------+-----+--------+

Top non-repeatable levels by time:
     D:6: 1916 daAuts
     D:7: 1890 daAuts
     D:3: 1798 daAuts
     D:5: 1269 daAuts
     D:4: 1092 daAuts
     D:2: 993 daAuts
     D:9: 844 daAuts
     D:1: 826 daAuts
     D:8: 240 daAuts
  Temple: 86 daAuts
